 Dungeon Crawl Stone Soup version 0.29.1-1-gd02db6906a (webtiles) character file.

Game seed: 16795008930851751386

58466 LustLizard the Brawler (level 14, -59/144 HPs)
             Began as a Troll Fighter on Sept 19, 2022.
             Was the Champion of Wu Jian.
             Killed from afar by a crystal guardian (63 damage)
             ... with a crystal bolt
             ... on level 12 of the Dungeon.
             The game lasted 00:33:09 (18206 turns).

LustLizard the Brawler (Troll Fighter)             Turns: 18206, Time: 00:33:10

Health: -59/144    AC: 12    Str: 27    XL:     14   Next: 49%
Magic:  13/13      EV: 11    Int:  8    God:    Wu Jian [******]
Gold:   688        SH: 12    Dex: 15    Spells: 13/13 levels left

rFire   x . .      SeeInvis +     - Unarmed
rCold   + + .      Faith    .   b - +0 kite shield
rNeg    . . .      Spirit   .   R - +0 ice dragon scales
rPois   .          Reflect  .   (helmet restricted)
rElec   .          Harm     .   z - +0 cloak
rCorr   .          Rampage  .   (gloves unavailable)
Will    +....                   (boots unavailable)
Stlth   ..........              a - amulet of regeneration
HPRegen 1.94/turn               H - +6 ring of dexterity
MPRegen 0.13/turn               J - ring of see invisible

@: studying Dodging, very slow
A: large, unfitting armour, claws 3, regeneration 1, shaggy fur 1, tough skin 1
a: Renounce Religion, Wall Jump, Serpent's Lash, Heavenly Storm


You were on level 12 of the Dungeon.
You worshipped Wu Jian.
Wu Jian was exalted by your worship.
You visited 3 branches of the dungeon, and saw 18 of its levels.
You also visited: Ice Cave.

You collected 1525 gold pieces.
You spent 837 gold pieces at shops.

Inventory:

Hand Weapons
 K - the +6 falchion "Kiowkiun" {flame, rPois rC++ Will+}
   (You found it on level 7 of the Dungeon)

   It burns those it strikes, dealing additional fire damage.
   Big, fiery blades are also staple armaments of hydra-hunters.
   rC:        It greatly protects you from cold.
   rPois:     It protects you from poison.
   Will:      It increases your willpower.
Missiles
 h - 2 curare-tipped darts
 F - 11 boomerangs (quivered)
 M - 2 throwing nets
Armour
 b - a +0 kite shield (worn)
 z - a +0 cloak (worn)
 Q - a +0 tower shield
 R - +0 ice dragon scales (worn)
 V - a +2 robe of resistance
Jewellery
 a - an amulet of regeneration (around neck)
 D - the amulet "Innerer" {Spirit Str+3 Stlth+}
   (You found it on level 5 of the Lair of Beasts)

   [amulet of guardian spirit]

   It causes incoming damage to be divided between your reserves of health and
   magic.
   Str:       It affects your strength (+3).
   Stlth:     It makes you more stealthy.
 H - a +6 ring of dexterity (left claw)
 J - a ring of see invisible (right claw)
Wands
 u - a wand of polymorph (16)
 B - a wand of flame (29)
 E - a wand of digging (8)
 G - a wand of charming (16)
 I - a wand of light (53)
 S - a wand of iceblast (4)
 T - a wand of mindburst (8)
Scrolls
 e - 3 scrolls of vulnerability
 g - 3 scrolls of immolation {unknown}
 k - 3 scrolls of fear
 o - 8 scrolls of teleportation {unknown}
 p - 3 scrolls of fog {unknown}
 t - 5 scrolls of noise {unknown}
 y - a scroll of poison
 N - 2 scrolls of blinking
 O - 2 scrolls of brand weapon
 P - 2 scrolls of magic mapping
 U - 2 scrolls of enchant weapon
 Y - 3 scrolls of enchant armour
 Z - a scroll of amnesia
Potions
 c - 2 potions of might
 d - a potion of cancellation
 f - 3 potions of heal wounds
 i - 3 potions of curing
 j - 3 potions of magic
 l - 2 potions of invisibility
 m - 8 potions of mutation
 n - 2 potions of ambrosia
 q - 2 potions of berserk rage
 r - 5 potions of flight
 s - 3 potions of resistance
 w - 9 potions of brilliance
 x - 4 potions of lignification
 A - 4 potions of haste
 L - 2 potions of attraction
Miscellaneous
 C - a phial of floods
 W - a lightning rod (4/4)
 X - a phial of floods


   Skills:
 + Level 10.8 Fighting
 - Level 9.9 Dodging
 + Level 11.6 Shields
 * Level 17.1 Unarmed Combat


You had 13 spell levels left.
You didn't know any spells.
Your spell library contained the following spells:

 Spells                   Type           Power      Damage    Failure   Level
 Magic Dart               Conj           0%         1d3       91%         1
 Shock                    Conj/Air       0%         1d3       91%         1
 Slow                     Hex            0%         N/A       91%         1
 Sting                    Tmut/Pois      0%         1d3       91%         1
 Blink                    Tloc           0%         N/A       97%         2
 Ensorcelled Hibernation  Hex/Ice        0%         N/A       97%         2
 Passwall                 Tmut/Erth      0%         N/A       97%         2
 Poisonous Vapours        Pois/Air       0%         N/A       97%         2
 Searing Ray              Conj           0%         2d4       97%         2
 Sublimation of Blood     Necr           0%         N/A       97%         2
 Confusing Touch          Hex            0%         N/A       100%        3
 Dazzling Flash           Conj/Hex       0%         N/A       100%        3
 Gell's Gravitas          Tloc           0%         N/A       100%        3
 Inner Flame              Hex/Fire       0%         N/A       100%        3
 Lesser Beckoning         Tloc           0%         N/A       100%        3
 Swiftness                Air            0%         N/A       100%        3
 Teleport Other           Tloc           0%         N/A       100%        3
 Vampiric Draining        Necr           0%         2d6       100%        3
 Airstrike                Air            0%         2d(0-16)  100%        4
 Animate Armour           Summ/Erth      0%         N/A       100%        4
 Corpse Rot               Necr/Pois/Air  0%         N/A       100%        4
 Dispel Undead            Necr           0%         3d6       100%        4
 Fulminant Prism          Conj/Hex       0%         3d6       100%        4
 Olgreb's Toxic Radiance  Pois           0%         N/A       100%        4
 Petrify                  Tmut/Erth      0%         N/A       100%        4
 Agony                    Necr           0%         N/A       100%        5
 Blade Hands              Tmut           0%         N/A       100%        5
 Irradiate                Conj/Tmut      0%         3d11      100%        5
 Manifold Assault         Tloc           0%         N/A       100%        5
 Silence                  Hex/Air        0%         N/A       100%        5
 Yara's Violent Unravell  Hex/Tmut       0%         3d3       100%        5
 Death Channel            Necr           0%         N/A       100%        6
 Dispersal                Tloc           0%         N/A       100%        6
 Iron Shot                Conj/Erth      0%         9d1       100%        6
 Dragon's Call            Summ           0%         N/A       100%        9


Dungeon Overview and Level Annotations

Branches:
Dungeon (12/15)            Temple (1/1) D:6            Lair (5/5) D:11
 Shoals (0/4) Lair:2        Snake (0/4) Lair:2        Slime (0/5) Lair:4
    Orc (0/2) D:12          IceCv (visited)

Altars:
Ashenzari
Cheibriados
Dithmenos
Elyvilon
Fedhas
Gozag
Hepliaklqana
Kikubaaqudgha
Makhleb
Nemelex Xobeh
Okawaru
Qazlal
Ru
Sif Muna
Trog
Uskayaw
Vehumet
Wu Jian
Xom
Yredelemnul
Zin
The Shining One

Shops:
D:2 *   D:9 *   D:11 (([   D:12 [(?(

Annotations:
D:9 exclusion: ugly thing
D:10 exclusion: hydra
D:12 exclusion: orange crystal statue


Innate Abilities, Weirdness & Mutations

You are too large for most types of armour.
You have claws for hands.
Your natural rate of healing is unusually fast.
You are covered in fur. (AC +1)
You have tough skin. (AC +1)


Message History

The orange crystal statue fixes its piercing gaze on you.
Something tries to feed on your intellect!
A seven-headed hydra comes into view.
The orange crystal statue glitters.
There is an open translucent door here.
The crystal guardian attacks as you move away!
The crystal guardian hits you.
You enter the shallow water.
Moving in this stuff is going to be slow.
The orange crystal statue glitters.
The slime creature quivers. x2
The crystal guardian fires a crystalline bolt at you.
The crystal bolt burns you!!! The fire burns you terribly!
The crystal guardian fires a crystalline bolt at you.
The crystal bolt freezes the crystal guardian.
The crystal guardian completely resists.
The crystal bolt misses you. The crystal bolt freezes you! You resist.
You strike the helpless crystal guardian from behind!
You mangle the crystal guardian!!
The crystal guardian is moderately damaged.
The crystal guardian fires a crystalline bolt at you.
The crystal bolt misses you.
You mangle the crystal guardian!!
The crystal guardian is severely damaged.
You are engulfed in freezing vapours.
You resist.
The crystal guardian fires a crystalline bolt at you.
The crystal bolt freezes you! You resist.
You mangle the crystal guardian!!
You destroy the crystal guardian!
The Council accepts your kill.
You are engulfed in freezing vapours.
You resist.
You scratch the crystal guardian but do no damage.
You are engulfed in freezing vapours.
You resist.
The crystal guardian fires a crystalline bolt at you.
The crystal bolt burns you!!! The fire burns you terribly!
* * * LOW HITPOINT WARNING * * *
You hear a sizzling sound!
You scratch the crystal guardian but do no damage.
The crystal guardian fires a crystalline bolt at you.
The crystal bolt burns you!!! The fire burns you terribly!
You die...

.########......#...########
.#......########..........#
.#......#.................#
.#......#.................#
.#......#......########...#
.#......#..^...#......#...#
.#......#......#......#####
.#......########.9........#
.#..........°~°~@Dx~~~~~~.#
.#..........~#####~#####~.#
.#..........~# ##'## #~##
###########.~#.$.JDW$$.#~.#
..#.......#.~#(.J..$...#~.#
..#.......#.~#(..}!....#~.#
..#.......#.~#....(.$.:#~.#
###...#####)~#...)8....#~.#
........#...~#..!..J..$#~.#


You could see a seven-headed hydra, a four-headed hydra (summoned), an orange
crystal statue, a crystal guardian, a slime creature (summoned), an unseen
horror (summoned, invisible) and a wraith (summoned).

Vanquished Creatures
  A crystal guardian (D:12)
  A fire dragon (Lair:5)
  7 hydras
  A catoblepas (Lair:4)
  2 boulder beetles
  7 two-headed ogres
  Erica (D:11)
  12 death yaks (Lair:5)
  Urug (D:11)
  2 bog bodies (IceCv)
  Pikel (D:5)
  A lindwurm (Lair:5)
  2 deep elf pyromancers (D:10)
  3 ugly things
  3 elephants (Lair:5)
  3 manticores
  5 cyclopes
  An ice statue (IceCv)
  10 black mambas
  Maurice (D:8)
  3 molten gargoyles (Lair:5)
  10 cane toads
  2 unseen horrors (D:11)
  12 komodo dragons
  3 rime drakes
  An anaconda simulacrum (IceCv)
  A polar bear (Lair:1)
  2 trolls
  Grinder (D:6)
  12 blink frogs
  A slime creature (D:10)
  Sigmund (D:5)
  2 shadows
  A dire elephant simulacrum (IceCv)
  3 wyverns
  32 yaks
  A spriggan (shapeshifter) (D:10)
  4 basilisks
  2 death yak simulacra (IceCv)
  Grum (D:11)
  3 steam dragons
  2 harpy simulacra (IceCv)
  2 nagas (Lair:2)
  Edmund (D:5)
  15 water moccasins
  Duvessa (D:5)
  4 hell hounds (Lair:5)
  4 orc warriors
  A hydra simulacrum (IceCv)
  3 black bears
  2 ice beasts
  7 wolves
  An ogre (D:4)
  3 centaurs
  4 lemures (D:5)
  2 phantoms
  A kobold brigand (D:6)
  16 bullfrogs
  4 necrophages
  2 gnoll sergeants
  3 wights (D:9)
  3 cane toad simulacra (IceCv)
  3 scorpions
  5 two-headed ogre simulacra (IceCv)
  Dowan (D:5)
  2 elephant simulacra (IceCv)
  6 killer bees (D:8)
  2 howler monkeys
  2 electric eels (Lair:5)
  A crimson imp (D:4)
  4 lava snakes (Lair:5)
  3 hounds (D:5)
  A jelly (D:4)
  Crazy Yiuf (D:4)
  4 orc priests
  A gnoll bouda (D:9)
  9 iguanas
  7 orc wizards
  7 spriggan simulacra (IceCv)
  5 troll simulacra (IceCv)
  A wolf simulacrum (IceCv)
  26 gnolls
  10 adders
  6 naga simulacra (IceCv)
  5 white imps
  8 ufetubi (IceCv)
  A worm (D:4)
  A dart slug (D:1)
  23 orcs
  8 bats
  11 endoplasms
  4 giant cockroaches
  7 goblins
  7 hobgoblins
  2 jackals (D:3)
  3 quokkas
  11 ball pythons
  6 frilled lizards
  3 goblin skeletons (D:4)
  A goblin zombie (D:4)
  2 hobgoblin zombies (D:4)
  19 kobolds
  An orc skeleton (D:4)
  2 orc zombies (D:4)
  2 rats
478 creatures vanquished.

Vanquished Creatures (others)
  A wizard (D:5)
  An ufetubus (IceCv)
  A kobold (D:3)
  49 fungi
  48 plants
100 creatures vanquished.

Grand Total: 578 creatures vanquished

Notes
Turn   | Place    | Note
-------+----------+-------------------------------------------
     0 | D:1      | LustLizard the Troll Fighter began the quest for the Orb.
     0 | D:1      | Reached XP level 1. HP: 22/22 MP: 0/0
    55 | D:1      | Reached XP level 2. HP: 27/29 MP: 1/1
   105 | D:1      | Found a faded altar of an unknown god.
   314 | D:1      | Reached XP level 3. HP: 25/36 MP: 2/2
   495 | D:1      | Reached skill level 3 in Unarmed Combat
   695 | D:2      | Found Tanlo's General Store.
   712 | D:2      | Bought a scroll of identify for 20 gold pieces
   736 | D:2      | Noticed a phantom
   752 | D:2      | Killed a phantom
   753 | D:2      | Reached XP level 4. HP: 33/45 MP: 3/3
   847 | D:2      | Reached skill level 4 in Unarmed Combat
   847 | D:2      | Reached XP level 5. HP: 44/53 MP: 4/4
  1733 | D:3      | Reached XP level 6. HP: 51/61 MP: 5/5
  1736 | D:3      | Found a shimmering altar of Xom.
  2445 | D:4      | Found a sacrificial altar of Ru.
  2477 | D:4      | Reached skill level 5 in Unarmed Combat
  2832 | D:4      | Reached XP level 7. HP: 24/68 MP: 6/6
  2904 | D:4      | Found a glowing golden altar of the Shining One.
  3414 | D:4      | Reached skill level 6 in Unarmed Combat
  3568 | D:4      | Found a runed translucent door.
  3569 | D:4      | Noticed Crazy Yiuf
  3640 | D:4      | Killed Crazy Yiuf
  3748 | D:5      | Entered Level 5 of the Dungeon
  3796 | D:5      | Noticed Sigmund
  3801 | D:5      | Killed Sigmund
  3873 | D:5      | Reached skill level 5 in Shields
  3873 | D:5      | Reached XP level 8. HP: 76/79 MP: 7/7
  3893 | D:5      | Noticed Edmund
  3893 | D:5      | Noticed Duvessa
  3963 | D:5      | Killed Edmund
  3964 | D:5      | Reached skill level 7 in Unarmed Combat
  3972 | D:5      | Noticed Dowan
  3984 | D:5      | Killed Duvessa
  3988 | D:5      | Killed Dowan
  4132 | D:5      | Reached skill level 5 in Fighting
  4142 | D:5      | Noticed Pikel
  4194 | D:5      | Killed Pikel
  4195 | D:5      | Reached skill level 8 in Unarmed Combat
  4262 | D:5      | Reached XP level 9. HP: 88/88 MP: 8/8
  4359 | D:5      | Found a bloodstained altar of Trog.
  4364 | D:5      | Noticed a wizard
  4370 | D:5      | Killed a wizard
  4428 | D:5      | Identified the +11 short sword of the Elven Halls {pain,
                  | Fly}
  4669 | D:5      | Found an ancient bone altar of Kikubaaqudgha.
  4908 | D:6      | Reached skill level 9 in Unarmed Combat
  5012 | D:6      | Found a hide-covered altar of Uskayaw.
  5028 | D:6      | Noticed Grinder
  5032 | D:6      | Killed Grinder
  5185 | D:6      | Found a staircase to the Ecumenical Temple.
  5199 | Temple   | Entered the Ecumenical Temple
  5243 | Temple   | Became a worshipper of the Wu Jian Council
  5397 | D:6      | Found a stormy altar of Qazlal.
  5512 | D:7      | Found a snail-covered altar of Cheibriados.
  5702 | D:7      | Reached skill level 10 in Unarmed Combat
  5900 | D:7      | Reached XP level 10. HP: 96/98 MP: 9/9
  5923 | D:7      | Identified the +6 falchion "Kiowkiun" {flame, rPois rC++
                  | Will+}
  6525 | D:8      | Noticed Maurice
  6551 | D:8      | Killed Maurice
  7125 | D:8      | Reached * piety under Wu Jian
  7431 | D:9      | Reached skill level 11 in Unarmed Combat
  7672 | D:9      | Noticed a cyan ugly thing
  7758 | D:9      | Found Xophut's Assorted Antiques.
  7909 | D:10     | Entered Level 10 of the Dungeon
  7992 | D:9      | Reached skill level 5 in Dodging
  8104 | D:10     | Noticed a two-headed ogre
  8185 | D:10     | Killed a two-headed ogre
  8185 | D:10     | Reached ** piety under Wu Jian
  8186 | D:10     | Reached XP level 11. HP: 108/109 MP: 10/10
  8240 | D:10     | Identified the +8 rapier "Cewnenn" {vorpal, rPois Int+3}
  8245 | D:10     | Noticed a two-headed ogre
  8253 | D:10     | Killed a two-headed ogre
  8321 | D:10     | Noticed a deep elf pyromancer
  8327 | D:10     | Killed a deep elf pyromancer
  8368 | D:10     | Reached skill level 12 in Unarmed Combat
  8389 | D:10     | Noticed a six-headed hydra
  8603 | D:11     | Noticed Urug
  8713 | D:11     | Found Oproseh's Armour Emporium.
  8970 | D:2      | Bought a scroll of acquirement for 520 gold pieces
  8970 | D:2      | Acquired a manual of Dodging
  9253 | D:9      | Killed a cyan ugly thing
  9619 | D:11     | Found a staircase to the Lair.
  9785 | D:11     | Noticed a two-headed ogre
  9791 | D:11     | Killed a two-headed ogre
  9812 | D:11     | Noticed Grum
  9841 | D:11     | Killed Grum
  9942 | D:11     | Found Ucropel's Antique Weapon Shop.
  9949 | D:11     | Noticed Erica
  9961 | D:11     | Killed Erica
  9984 | D:11     | Found Ywuodwop's Weapon Shoppe.
 10141 | D:11     | Killed Urug
 10142 | D:11     | Reached skill level 13 in Unarmed Combat
 10444 | D:10     | Killed a one-headed hydra
 10558 | D:10     | Reached XP level 12. HP: 114/120 MP: 11/11
 10586 | D:10     | Reached *** piety under Wu Jian
 10614 | D:10     | Noticed a five-headed hydra
 10620 | D:10     | Killed a one-headed hydra
 10786 | Lair:1   | Entered Level 1 of the Lair of Beasts
 10793 | Lair:1   | Found a frozen archway.
 10838 | IceCv    | Entered an ice cave
 11039 | IceCv    | Got the Atlas of the Captivating Escort
 11374 | IceCv    | Reached **** piety under Wu Jian
 11481 | IceCv    | Reached skill level 14 in Unarmed Combat
 13122 | Lair:2   | Found a staircase to the Snake Pit.
 13509 | Lair:2   | Found a staircase to the Shoals.
 13949 | Lair:3   | You fall into a shaft and drop 2 floors!
 13949 | Lair:5   | Entered Level 5 of the Lair of Beasts
 13964 | Lair:5   | Noticed a death yak
 13969 | Lair:5   | Noticed a death yak
 13970 | Lair:5   | Noticed a death yak
 13970 | Lair:5   | Noticed a death yak
 13977 | Lair:5   | Killed a death yak
 13986 | Lair:5   | Killed a death yak
 13987 | Lair:5   | Reached XP level 13. HP: 61/131 MP: 12/12
 13993 | Lair:5   | Reached skill level 10 in Shields
 14054 | Lair:5   | Reached ***** piety under Wu Jian
 14400 | Lair:5   | Reached skill level 15 in Unarmed Combat
 14864 | Lair:5   | Found a large runed translucent door.
 14866 | Lair:5   | Found a large runed translucent door.
 14867 | Lair:5   | Noticed a fire dragon
 14926 | Lair:5   | Reached skill level 10 in Fighting
 14997 | Lair:5   | Reached skill level 16 in Unarmed Combat
 15847 | Lair:5   | Killed a fire dragon
 15860 | Lair:5   | Identified the amulet "Innerer" {Spirit Str+3 Stlth+}
 16074 | Lair:4   | Reached XP level 14. HP: 142/143 MP: 13/13
 16079 | Lair:4   | Found a staircase to the Slime Pits.
 17277 | D:12     | Found Kimnuno's Antique Armour Shoppe.
 17312 | D:12     | Found Larody's Antique Weapon Shoppe.
 17471 | D:12     | Found Ruudgh's Magic Scroll Shop.
 17478 | D:12     | Bought a scroll of identify for 34 gold pieces
 17478 | D:12     | Bought a scroll of blinking for 127 gold pieces
 17478 | D:12     | Bought a scroll of identify for 34 gold pieces
 17478 | D:12     | Bought a scroll of fear for 68 gold pieces
 17478 | D:12     | Bought a scroll of identify for 34 gold pieces
 17488 | D:12     | Found Tageitat's Weapon Emporium.
 17576 | D:12     | Found a runed translucent door.
 17716 | D:12     | Reached skill level 17 in Unarmed Combat
 17737 | D:12     | Found a staircase to the Orcish Mines.
 17961 | D:12     | Reached ****** piety under Wu Jian
 18198 | D:12     | Found the +4 moon troll leather armour {Spirit, Regen++
                  | MP+5}
 18205 | D:12     | HP: 3/144 [crystal guardian/crystal bolt (54)]
 18206 | D:12     | Killed from afar by a crystal guardian

Illustrated notes

Levels and vault maps discovered:
D:1:      dpeg_arrival_simpleton_c, layout_basic,
          dilly_ecumenical_altar_fadedgnrine, minmay_cupped
D:2:      layout_basic, serial_shops, shop_fountains, minmay_pentomino_w4
D:3:      layout_basic, xom_confusion_cloud, serial_bayou_pond_a
D:4:      layout_loops_corners, nicolae_tso_besieged_by_evil,
          mainiacjoe_overflow_surrounded_room, small_statue_alley_b,
          uniq_crazy_yiuf_cottage
D:5:      layout_loops_ring, trog_wizard, mainiacjoe_overflow_alcove_1,
          uniq_sigmund, uniq_pikel, uniq_duvessa, uniq_edmund
D:6:      layout_cave_pools, mainiacjoe_overflow_swirl,
          minmay_temple_entry_antechambers, corexii_item_surrounded_by_moat,
          uniq_grinder
D:7:      layout_basic, nicolae_overflow_crystal_walls
D:8:      layout_basic, uniq_maurice
D:9:      layout_loops_ring, serial_shops, shop, minmay_microvault
D:10:     layout_big_octagon, minmay_evil_grid
D:11:     layout_gridville, due_lair_maze_entry_diamond, serial_shops,
          nicolae_square_shop, nicolae_shop_behind_doors, shop_statue,
          minmay_misc_feat_rugged, uniq_grum, uniq_erica, uniq_urug
D:12:     layout_grid_maze, orc_0_dummy, serial_shops, shop, shop_fountains,
          shop_fountains, nicolae_shop_crystal, minmay_crystal_box
Temple:   nicolae_temple_bog_church
Lair:1:   layout_layer_cave, portal_ice_cave_rime, grunt_megastairs_3
Lair:2:   wander_river, layout_regular_city, shoals_dummy_entry,
          guppyfry_snake_entry_island
Lair:3:   layout_concentric_octagons, beast_lair_carwin_6
Lair:4:   layout_misc_corridors, slime_entry_1, infiniplex_staircase_pool_2
Lair:5:   cheibrodos_lair_end_hotspot, layout_long_grid, serial_bayou_shore_b,
          serial_bayou_shore_a

Skill      XL: |  1  2  3  4  5  6  7  8  9 10 11 12 13 14 |
---------------+-------------------------------------------+-----
Shields        | 3 4 5 6 7 8 9 11 | 11.6
Unarmed Combat | 3 4 5 6 8 10 11 13 14 16 17 | 17.1
Fighting       | 3 4 5 6 7 8 9 10 | 10.8
Dodging        | 3 5 7 9 |  9.9

Action                   |  1- 3 |  4- 6 |  7- 9 | 10-12 | 13-15 || total
-------------------------+-------+-------+-------+-------+-------++-------
Melee: Unarmed           |   102 |   177 |   302 |   644 |   457 ||  1682
       Falchion          |       |       |       |    13 |    89 ||   102
Throw: Stone             |       |       |       |    10 |       ||    10
       Dart              |       |       |       |     9 |     2 ||    11
       Boomerang         |       |       |       |     1 |     6 ||     7
Invok: Lunge             |       |       |     3 |    37 |    27 ||    67
       Whirlwind         |       |       |       |    17 |    15 ||    32
Evoke: Wand              |       |       |       |       |     1 ||     1
  Use: Scroll            |     3 |     2 |     3 |     6 |     9 ||    23
       Potion            |       |       |     4 |     2 |     1 ||     7
 Stab: Sleeping          |       |     2 |     1 |       |       ||     3
       Invisible         |       |       |       |     2 |       ||     2
       Distracted        |       |       |       |       |     1 ||     1
Armor: Robe              |    33 |    34 |    70 |    89 |     4 ||   230
       Ice dragon scales |       |       |       |    55 |   140 ||   195
Dodge: Dodged            |    39 |    56 |    78 |   207 |   185 ||   565
Block: Kite shield       |    37 |    61 |    97 |   284 |   217 ||   696
